 Dungeon Crawl Stone Soup version 0.30-a0-591-g3c58d2bc28 (webtiles) character file.

Game seed: 4182999511904712260

159 vineage the Trooper (level 5, -2/33 HPs)
             Began as a Gargoyle Fighter on Jan 4, 2023.
             Slain by an orc
             ... wielding a +0 war axe
              (7 damage)
             ... on level 4 of the Dungeon.
             The game lasted 00:03:11 (2351 turns).

vineage the Trooper (Gargoyle Fighter)              Turns: 2351, Time: 00:03:11

Health: -2/33      AC: 17    Str: 21    XL:     5   Next: 40%
Magic:  5/5        EV:  6    Int:  9    God:
Gold:   171        SH:  8    Dex:  9    Spells: 4/4 levels left

rFire   . . .      SeeInvis .    q - +2 whip (pain)
rCold   . . .      Faith    .    l - +0 kite shield
rNeg    + . .      Spirit   .    k - +0 chain mail
rPois   ∞          Reflect  .    n - +2 hat
rElec   +          Harm     .    (no cloak)
rCorr   .          Rampage  .    h - +0 pair of gloves
Will    .....                    m - +0 pair of boots Stlth
                                 (no amulet)
HPRegen 0.25/turn                (no ring)
MPRegen 0.09/turn                (no ring)

@: no status effects
A: sickness immunity, AC +4, negative energy resistance 1, electricity
resistance, torment resistance 1, petrification resistance
a: no special abilities


You were on level 4 of the Dungeon.
You visited 1 branch of the dungeon, and saw 4 of its levels.

You collected 171 gold pieces.

Inventory:

Hand Weapons
 a - a +0 flail
 o - a +0 heavy flail
 q - a +2 whip of pain (weapon)
Armour
 c - a +0 buckler
 h - a +0 pair of gloves (worn)
 k - a +0 chain mail (worn)
 l - a +0 kite shield (worn)
 m - a +0 pair of boots (worn)
 n - a +2 hat (worn)
Jewellery
 r - a ring of fire
Scrolls
 b - a scroll of enchant armour {unknown}
 p - 2 scrolls of teleportation
 t - 3 scrolls of identify
 u - a scroll of vulnerability {unknown}
Potions
 d - 2 potions of might
 e - a potion of curing {unknown}
 f - a potion of haste {unknown}
 g - 2 potions of degeneration
 i - a potion of lignification {unknown}
 j - 2 potions of flight
 s - a potion of attraction {unknown}
 v - a potion of invisibility {unknown}


   Skills:
 + Level 4.2 Fighting
 * Level 3.7 Maces & Flails
 + Level 4.1 Armour
 + Level 4.1 Shields


You had 4 spell levels left.
You didn't know any spells.
Your spell library was empty.

Dungeon Overview and Level Annotations

Branches:
Dungeon (4/15)
 Temple: D:4-7

Altars:
Elyvilon
Sif Muna
Uskayaw
Wu Jian

Shops:
D:3 *


Innate Abilities, Weirdness & Mutations

You are immune to sickness and miasma.
Your stone body is resilient. (AC +4)
You are immune to poison.
You resist negative energy. (rN+)
You are resistant to electric shocks. (rElec)
You are resistant to unholy torment.
You are immune to petrification.


Message History

You hit the necrophage.
The necrophage is heavily damaged.
The orc wizard barely misses you.
The necrophage hits you but does no damage.
The orc hits you with a +0 war axe.
You miss the necrophage.
The necrophage is heavily damaged.
The orc hits you but does no damage.
The orc wizard hits you but does no damage.
The necrophage hits you but does no damage.
The orc closely misses you.
You hit the necrophage.
The necrophage is heavily damaged.
The orc hits you but does no damage.
The orc wizard hits you but does no damage.
The necrophage hits you. The orc hits you with a +0 whip.
* * * LOW HITPOINT WARNING * * *
You bump into the rock wall.
The orc hits you with a +0 war axe.
* * * LOW HITPOINT WARNING * * *
The orc wizard hits you but does no damage.
The necrophage hits you but does no damage.
The orc hits you but does no damage.
You hit the orc wizard.
The orc wizard is moderately wounded.
You feel less confused. You block the orc's attack.
The orc wizard hits you with a +0 dagger.
* * * LOW HITPOINT WARNING * * *
The necrophage hits you but does no damage.
You block the orc's attack.
You closely miss the orc wizard.
The orc wizard is moderately wounded.
The orc barely misses you.
The orc wizard hits you but does no damage.
The necrophage hits you but does no damage.
You block the orc's attack.
You hit the orc wizard.
The orc wizard is severely wounded.
The orc hits you with a +0 war axe!
You die...

. #.. #.[.#
...#########......
.......n@oo)....#
...#####oo#...#...
#....#...#
#.##...#... #.#
##...#. #.. ...
### ##


You could see a necrophage, an orc wizard and 3 orcs.

Vanquished Creatures
  A hound (D:3)
  4 gnolls (D:2)
  3 adders
  2 dart slugs (D:1)
  6 orcs (D:3)
  4 ball pythons
  4 bats
  2 endoplasms
  A giant cockroach (D:3)
  9 goblins
  5 hobgoblins
  3 quokkas
  6 kobolds
  8 rats
58 creatures vanquished.

Vanquished Creatures (others)
  4 plants (D:3)
4 creatures vanquished.

Grand Total: 62 creatures vanquished

Notes
Turn   | Place    | Note
-------+----------+-------------------------------------------
     0 | D:1      | vineage the Gargoyle Fighter began the quest for the Orb.
     0 | D:1      | Reached XP level 1. HP: 14/14 MP: 1/1
   120 | D:1      | Reached XP level 2. HP: 19/19 MP: 2/2
   513 | D:1      | Reached XP level 3. HP: 23/23 MP: 3/3
  1211 | D:2      | Reached XP level 4. HP: 28/29 MP: 4/4
  1779 | D:3      | Reached XP level 5. HP: 28/33 MP: 5/5
  1879 | D:3      | Found Luintav's Assorted Antiques.
  2035 | D:3      | Found an ornate altar of the Wu Jian Council.
  2047 | D:3      | Found a white marble altar of Elyvilon.
  2116 | D:3      | Found a hide-covered altar of Uskayaw.
  2116 | D:3      | Found a shimmering blue altar of Sif Muna.
  2351 | D:4      | Slain by an orc

Illustrated notes

Levels and vault maps discovered:
D:1:      dpeg_arrival_central, layout_loops_ring
D:2:      layout_loops_cross, dk_noncrumbling_2
D:3:      layout_rooms, amethyst_overflow_temple_binary,
          gammafunk_temple_overflow_elements, serial_shops,
          nicolae_shop_overgrown_old_shop, grunt_decor_cap, serial_bayou_pond_e,
          grunt_ministairs_2, minmay_fractal_squares_gapless_5
D:4:      layout_loops_ring, lemuel_coloured_pillars_altar, fiery_altar_vehumet,
          minmay_temple_entry_sparse_star, chequers_serial_rivers_room_a

Skill      XL: |  1  2  3  4 |
---------------+-------------+-----
Maces & Flails | 3 |  3.7
Fighting       | 4 |  4.2
Armour         | 4 |  4.1
Shields        | 4 |  4.1

Action                   |  1- 3 |  4- 6 || total
-------------------------+-------+-------++-------
Melee: Flail             |    90 |     9 ||    99
       Whip              |       |   141 ||   141
  Use: Scroll            |     2 |     5 ||     7
       Potion            |     1 |       ||     1
Armor: Scale mail        |    31 |       ||    31
       Chain mail        |     5 |   142 ||   147
Dodge: Dodged            |    49 |    72 ||   121
Block: Buckler           |    22 |    30 ||    52
       Kite shield       |       |     7 ||     7

Table legend: (Time is in decaauts)
 A = Elapsed time spent in this place.
 B = Non-inter-level travel time spent in this place.
 C = Inter-level travel time spent in this place.
 D = Time resting spent in this place.
 E = Time spent auto-exploring this place.
 F = Levels seen in this place.
 G = Mean time per level.
                   A        B        C        D        E       F      G
               +--------+--------+--------+--------+--------+-----+--------+
         Total |   2386 |   2295 |     91 |     58 |   1725 |   4 |  596.5 |
       Dungeon |   2386 |   2295 |     91 |     58 |   1725 |   4 |  596.5 |
               +--------+--------+--------+--------+--------+-----+--------+

Top non-repeatable levels by time:
     D:1: 837 daAuts
     D:2: 804 daAuts
     D:3: 719 daAuts
     D:4: 25 daAuts
